 Dungeon Crawl Stone Soup version 0.22.1 (webtiles) character file.

53 Gargoyl the Skirmisher (level 3, -1/33 HPs)
             Began as a Centaur Abyssal Knight on Sept 19, 2018.
             Was a Follower of Lugonu.
             Slain by Jessica (4 damage)
             ... on level 2 of the Dungeon.
             The game lasted 00:02:11 (1232 turns).

Gargoyl the Skirmisher (Centaur Abyssal Knight)     Turns: 1232, Time: 00:02:12

Health: -1/33      AC:  9    Str: 14      XL:     3   Next: 64%
Magic:  4/4        EV:  4    Int:  9 (11) God:    Lugonu [*.....]
Gold:   34         SH:  0    Dex:  8 (9)  Spells: 2/2 levels left

rFire    + + .     SeeInvis .   a - +1 hand axe
rCold    . . .     Gourm    .   (no shield)
rNeg     . . .     Faith    .   f - +0 chain mail
rPois    .         Spirit   .   o - +0 helmet (curse)
rElec    .         Reflect  .   (no cloak)
rCorr    .         Harm     .   i - +0 pair of gloves
MR       .....                  (no barding)
Stlth    ..........             (no amulet)
HPRegen  0.11/turn              d - ring of protection from fire
MPRegen  0.09/turn              e - ring of protection from fire

@: flying, very quick
A: large, hooves 3, deformed body, speed 2, tough skin 3
a: Depart the Abyss, Renounce Religion


You were on level 2 of the Dungeon.
You worshipped Lugonu.
Lugonu was aware of your devotion.
You were not hungry.

You visited 1 branch of the dungeon, and saw 2 of its levels.
You visited the Abyss 1 time.

You collected 34 gold pieces.

Inventory:

Hand Weapons
 a - a +1 hand axe (weapon)
Armour
 f - a +0 chain mail (worn)
 i - a +0 pair of gloves (worn)
 o - a cursed +0 helmet (worn)
Jewellery
 d - a ring of protection from fire (left hand)
 e - a ring of protection from fire (right hand)
Scrolls
 g - a scroll of enchant armour {unknown}
 h - 2 scrolls of identify
 j - 2 scrolls of teleportation
 m - a scroll of immolation {unknown}
 n - a scroll of noise {unknown}
Potions
 l - a potion of degeneration
Comestibles
 c - 3 rations


   Skills:
 + Level 3.7 Fighting
 + Level 2.2 Axes
 * Level 2.1 Armour
 + Level 0.7 Dodging
 * Level 2.1 Invocations


You had 2 spell levels left.
You didn't know any spells.
Your spell library was empty.

Dungeon Overview and Level Annotations

Branches:
Dungeon (2/15)

Altars:

Annotations:
D:2 Jessica


Innate Abilities, Weirdness & Mutations

You have hooves in place of feet.
Armour fits poorly on your strangely shaped body.
You cover ground very quickly.
You have extremely tough skin. (AC +3)


Message History

The goblin hits you but does no damage.
You hit Natasha.
Natasha is almost dead.
You closely miss Jessica. You hit the crimson imp. You barely miss the goblin.
You closely miss the shadow imp. Jessica barely misses you.
Natasha claws you but does no damage.
The crimson imp hits you but does no damage.
The shadow imp hits you but does no damage.
The goblin hits you.
* * * LOW HITPOINT WARNING * * *
You hit Natasha.
You kill Natasha!
Lugonu accepts your kill.
You hear a faint echoing roar filled with hate and sorrow!
The crimson imp disappears in a puff of smoke!
The shadow imp disappears in a puff of smoke!
You feel your strength returning.
Your Armour skill increases to level 2!
You hit Jessica. You closely miss the goblin. Jessica hits you.
You die...

... ........#.....
...###### #.............
........# #....$........
........# #.............
........###.............
........##..............
........##)....§g§......
...............@@)......
...#..........####......
...#..........# .....
...#.........[# ....
..............###. ###
<..................
..........#..<.....
....<.....#.......#
..........#.(.....#


You could see Jessica and a goblin.

Vanquished Creatures
  Natasha (D:2)
  2 dart slugs
  2 leopard geckos (D:1)
  2 bats (D:1)
  7 goblins
  A frilled lizard (D:1)
  4 kobolds (D:1)
  4 rats (D:1)
23 creatures vanquished.

Notes
Turn   | Place    | Note
-------+----------+-------------------------------------------
     0 | Abyss:1  | Gargoyl the Centaur Abyssal Knight began the quest for the
                  | Orb.
     0 | Abyss:1  | Reached XP level 1. HP: 19/19 MP: 2/2
    29 | Abyss:2  | Noticed an eye of draining
    44 | Abyss:2  | Noticed an ancient zyme
   134 | Abyss:3  | Noticed a black mamba
   138 | Abyss:3  | Noticed a thrashing horror
   139 | Abyss:3  | Noticed a thrashing horror
   140 | D:1      | Escaped the Abyss
   406 | D:1      | Reached XP level 2. HP: 21/26 MP: 3/3
   491 | D:1      | Reached * piety under Lugonu
  1206 | D:2      | Noticed Jessica
  1212 | D:2      | Noticed Natasha
  1213 | D:2      | Reached XP level 3. HP: 30/31 MP: 4/4
  1232 | D:2      | Killed Natasha
  1232 | D:2      | Slain by Jessica

Skill      XL: |  1  2  3 |
---------------+----------+-----
Axes           | 2 |  2.2
Armour         | 2 |  2.1
Fighting       | |  3.7
Dodging        | |  0.7
Invocations    | |  2.1

Action                   || total
-------------------------++-------
Melee: Hand axe          ||    70
       Kick              ||    13
Invok: Depart the Abyss  ||     1
  Use: Scroll            ||     4
       Potion            ||     3
Armor: Chain mail        ||    76
Dodge: Dodged            ||    19
